 Dungeon Crawl Stone Soup version 0.23-a0-644-gb60d84b (webtiles) character file.

53 Borgoz the Sneak (level 4, 0/29 HPs)
             Began as a Halfling Assassin on Jan 1, 2019.
             Succumbed to an adder's poison
             ... on level 2 of the Dungeon.
             The game lasted 00:02:11 (803 turns).

Borgoz the Sneak (Halfling Assassin)                 Turns: 803, Time: 00:02:11

Health: 0/29       AC:  3    Str: 10 (12) XL:     4   Next: 11%
Magic:  4/4        EV: 14    Int:  8 (9)  God:
Gold:   51         SH:  0    Dex: 14 (16) Spells: 3/3 levels left

rFire    . . .     SeeInvis .   a - +1 dagger (venom)
rCold    . . .     Gourm    .   (shield restricted)
rNeg     . . .     Faith    .   c - +0 robe
rPois    .         Spirit   .   (no helmet)
rElec    .         Reflect  .   d - +0 cloak
rCorr    .         Harm     .   (no gloves)
MR       .....                  (no boots)
Stlth    +++.......             (no amulet)
HPRegen  0.09/turn              (no ring)
MPRegen  0.09/turn              (no ring)

@: lethally poisoned (0 -> -3), very slightly contaminated, invisible (expiring)
A: small, mutation resistance 1
a: no special abilities


You were on level 2 of the Dungeon.
You were not hungry.

You visited 1 branch of the dungeon, and saw 2 of its levels.

You collected 51 gold pieces.

Inventory:

Hand Weapons
 a - a +1 dagger of venom (weapon)
 b - a +0 blowgun
 k - a +2 dagger
Missiles
 e - 18 poisoned needles
 f - 2 curare-tipped needles
Armour
 c - a +0 robe (worn)
 d - a +0 cloak (worn)
Scrolls
 h - a scroll of identify {unknown}
 i - a scroll of remove curse {unknown}
Comestibles
 g - a ration


   Skills:
 * Level 2.1 Fighting
 * Level 3.1 Short Blades
 + Level 2.0 Throwing
 + Level 1.3 Dodging
 + Level 5.5 Stealth


You had 3 spell levels left.
You didn't know any spells.
Your spell library was empty.

Dungeon Overview and Level Annotations

Branches:
Dungeon (2/15)

Altars:


Innate Abilities, Weirdness & Mutations

You are small and have problems with some larger weapons.
You are somewhat resistant to further mutation.


Message History

You kill the adder!
You have reached level 4!
You are very lightly contaminated with residual magic.
You catch the helpless hobgoblin completely off-guard!
You puncture the hobgoblin!
You kill the hobgoblin!
* * * LOW HITPOINT WARNING * * *
You feel sick.
You see here an adder corpse.
* * * LOW HITPOINT WARNING * * *
You feel sick.
Things that are here:
a potion of degeneration; a giant cockroach corpse
* * * LOW HITPOINT WARNING * * *
You feel sick.
A bat comes into view.
You flicker for a moment.
You see here 13 gold pieces.
You now have 51 gold pieces (gained 13).
You die...

########## .#
..........###..#
$...........#..#
...............#
..............###
................#
..............#.#
................
.......@....#.#.
..............#
........##!.###
........##..#
.b..........## .
...#.#.%##...### ...
...#.....$)..†.##..##.
## #.#......##........
##.#..#...#.######....


You could see a bat (sleeping).

Vanquished Creatures
  2 adders (D:2)
  A worm (D:2)
  2 dart slugs (D:1)
  A leopard gecko (D:1)
  A giant cockroach (D:2)
  2 goblins
  3 hobgoblins
  3 bats (D:1)
  2 frilled lizards (D:1)
  4 kobolds
  12 rats
33 creatures vanquished.

Notes
Turn   | Place    | Note
-------+----------+-------------------------------------------
     0 | D:1      | Borgoz the Halfling Assassin began the quest for the Orb.
     0 | D:1      | Reached XP level 1. HP: 14/14 MP: 1/1
    77 | D:1      | Reached XP level 2. HP: 19/19 MP: 2/2
   256 | D:1      | Reached skill level 5 in Stealth
   424 | D:1      | Reached XP level 3. HP: 24/24 MP: 3/3
   790 | D:2      | Reached XP level 4. HP: 3/29 MP: 4/4
   795 | D:2      | HP: 1/29 [poisoned by an adder]
   803 | D:2      | Succumbed to an adder's poison

Vault maps used:
D:1:      dpeg_arrival_more_subterranean_lakeside_camping,
          minmay_rat_gold_closets
D:2:      lemuel_doored_altar, first_ration

Skill      XL: |  1  2  3 |
---------------+----------+-----
Stealth        | 5 |  5.5
Fighting       | 2 |  2.1
Short Blades   | 3 |  3.1
Throwing       | |  2.0
Dodging        | |  1.3

Action                   |  1- 3 |  4- 6 || total
-------------------------+-------+-------++-------
Melee: Dagger            |    78 |     1 ||    79
  Use: Potion            |     2 |       ||     2
 Stab: Sleeping          |    14 |       ||    14
       Distracted        |     1 |       ||     1
       Invisible         |       |     1 ||     1
Armor: Robe              |    10 |       ||    10
Dodge: Dodged            |    39 |       ||    39

Table legend:
 A = Non-vault XP
 B = Vault XP
 C = Vault XP percentage of total XP
 D = Non-vault monster count
 E = Vault monster count
 F = Vault count percentage of total count
                 A         B        C        D         E       F
            +---------+---------+-------+---------+---------+-------
      Total |      69 |       8 |  10.4 |      25 |       8 |  24.2
            +---------+---------+-------+---------+---------+-------
        D:1 |      29 |       8 |  21.6 |      16 |       8 |  33.3
        D:2 |      40 |       0 |   0.0 |       9 |       0 |   0.0
            +---------+---------+-------+---------+---------+-------
